 Dungeon Crawl Stone Soup version 0.27-a0-1149-g4505690ab0 (webtiles) character file.

Game seed: 7230634575597388491

298 Sobieck the Cleaver (level 6, -8/52 HPs)
             Began as a Hill Orc Monk on May 12, 2021.
             Mangled by an ogre
             ... wielding a +0 giant spiked club
              (25 damage)
             ... on level 6 of the Dungeon.
             The game lasted 00:07:43 (3537 turns).

Sobieck the Cleaver (Hill Orc Monk)                 Turns: 3537, Time: 00:07:43

Health: -8/52      AC:  6    Str: 16    XL:     6   Next: 35%
Magic:  6/6        EV: 11    Int: 10    God:
Gold:   138        SH:  0    Dex: 13    Spells: 5/5 levels left

rFire    + . .     SeeInvis .   h - +1 whip (venom) {mace}
rCold    . . .     Faith    .   (no shield)
rNeg     . . .     Spirit   .   q - +0 ring mail
rPois    .         Reflect  .   m - +1 hat
rElec    .         Harm     .   (no cloak)
rCorr    .         Rampage  .   (no gloves)
Will     .....                  (no boots)
Stlth    +.........             (no amulet)
HPRegen  0.17/turn              w - ring of protection from fire
MPRegen  0.10/turn              (no ring)

@: no status effects
A: no striking features
a: no special abilities


You were on level 6 of the Dungeon.
You visited 1 branch of the dungeon, and saw 7 of its levels.

You collected 138 gold pieces.


   Skills:
 + Level 4.0 Fighting
 + Level 9.0 Axes
 + Level 0.0 Armour
 - Level 2.4 Dodging
 - Level 1.5 Stealth
 + Level 0.0 Evocations


You had 5 spell levels left.
You didn't know any spells.
Your spell library contained the following spells:

 Spells                   Type           Power      Damage    Failure   Level
 Animate Skeleton         Necr           0%         N/A       58%         1
 Magic Dart               Conj           0%         1d3       58%         1
 Pain                     Necr           0%         1d4       58%         1
 Blink                    Tloc           N/A        N/A       73%         2
 Call Imp                 Summ           0%         N/A       73%         2
 Slow                     Hex            0%         N/A       73%         2
 Conjure Flame            Conj/Fire      0%         6-21      91%         3
 Mephitic Cloud           Conj/Pois/Air  0%         N/A       91%         3
 Vampiric Draining        Necr           0%         2d6       91%         3
 Animate Dead             Necr           0%         N/A       100%        4
 Agony                    Necr           0%         N/A       100%        5

Inventory:

Hand Weapons
 a - a +0 hand axe {axe}
 h - a +1 whip of venom (weapon) {mace}
   (You found it on level 1 of the Dungeon)
 B - a +0 morningstar {mace}
   (You took it off an orc on level 6 of the Dungeon)
Missiles
 e - 6 silver javelins {throwing}
 f - 6 stones {throwing}
 g - 17 sling bullets
 l - 17 poisoned darts (quivered) {throwing}
 n - a throwing net {=f!fthrowing}
 v - 19 arrows
 A - 2 boomerangs {throwing}
 D - 18 bolts
Armour
 b - a +0 robe
 m - a +1 hat (worn)
   (You found it on level 2 of the Dungeon)
 p - a +0 chain mail
   (You took it off an orc priest on level 2 of the Dungeon)
 q - a +0 ring mail (worn)
   (You took it off an orc on level 2 of the Dungeon)
Magical Staves
 k - a staff of poison {!astaff}
   (You found it on level 1 of the Dungeon)
Jewellery
 w - a ring of protection from fire (left hand)
   (You found it on level 3 of the Dungeon)
 y - a ring of willpower
   (You found it on level 3 of the Dungeon)
Scrolls
 d - a scroll of magic mapping {!r}
 r - a scroll of noise {unknown}
 s - a scroll of teleportation {unknown}
 t - 3 scrolls of identify {unknown}
 u - a scroll of acquirement {unknown}
 C - 2 scrolls of immolation {unknown}
 F - a scroll of vulnerability {unknown}
Potions
 c - a potion of flight {unknown}
 i - a potion of heal wounds {unknown}
 j - a potion of curing {unknown}
 o - a potion of resistance {unknown}
 x - a potion of brilliance {unknown}
 z - a potion of ambrosia {unknown}
 E - a potion of invisibility {unknown}

Dungeon Overview and Level Annotations

Branches:
Dungeon (7/15)
 Temple: D:4-7

Altars:
Gozag
Kikubaaqudgha
Trog
Yredelemnul

Portals:
Sewer: D:4

Annotations:
D:3 exclusion: downstairs
D:5 Dowan, Duvessa
D:6 exclusion: ice beast

#..Y##### .. #.....# .. ...
#.###### . ...# #......#
.((... ######.###(..# #.
#......# ##.## #.#.##.# #...#
##.#.##.# #...# ## #....##@#
#...######.
###..####O######..........
#......##.##...........#..
.....#...>........>..........
...#.#.#))#####.>.........#..
.. #.#.#<.# ###.#...#.###..
#####.#.#..# #.#.[........
..##.#.#..# #.#...#.####.
#.##......### #.#...#.####.


You could see an ogre (very poisoned).


Message History

You hit the jelly. The acid corrodes you!
Your hands burn!
The jelly hits you.
You are splashed with acid! 😕 HP[-12]
You take 12 damage, and now have 40/52 hp.
MASSIVE DAMAGE!! (PAUSE)
You hit the jelly.
The jelly is poisoned.
The acid corrodes you!
Your hands burn!
The jelly hits you.
You are splashed with acid!
* * * LOW HITPOINT WARNING * * *
😨 HP[-14]
You take 14 damage, and now have 26/52 hp.
MASSIVE DAMAGE!! (PAUSE)
You hit the jelly but do no damage.
Your hands burn!
* * * LOW HITPOINT WARNING * * *
The jelly misses you. 😨 HP[-2]
You take 2 damage, and now have 24/52 hp.
Unknown command.
You kill the jelly!
Training target 9.0 for Axes reached!
Your Axes skill increases to level 9!
You need to enable at least one skill for training.
There are no items here.
Unknown command.
You start resting.
You are no longer corroded. 😎 HP[+28]
Your hp is fully restored (52).
l - 20 poisoned darts {throwing} (gained 11)
F - a scroll labelled YNWYMAR TEUDGHE An orc comes into view.
It is wielding a +0 club.
The orc shouts!
No reachable target in view!
No reachable target in view!
You now have 113 gold pieces (gained 20).
The orc barely misses you.
You hit the orc.
The orc is poisoned.
You hit the orc.
You kill the orc!
Things that are here:
a +0 club {mace}; an orc corpse
t - 3 scrolls labelled WUXZEO PAUKUTE (gained 1)
Okay, then.
You now have 125 gold pieces (gained 12).
You now have 138 gold pieces (gained 13).
You see here a +0 robe.
C - 2 scrolls labelled UDESEUS KUYNEU (gained 1)
Things that are here:
a +0 club {mace}; a +0 robe; a +0 dagger {short} Unknown command.
An ice beast comes into view.
Press: ? - help, . - travel You can't see that place. [the floor.] Placed new exclusion.
An ogre comes into view. It is wielding a +0 giant spiked club.
The ogre shouts!
Throw: 20 darts (poison) {throwing}
Press: ? - help, Q - select action, (/) - cycle Shift-Dir - straight line, f - ogre
Aim: an ogre, wielding a +0 giant spiked club (74% to hit)
You throw a poisoned dart {throwing}.
The poisoned dart {throwing} closely misses the ogre.
Throw: 19 darts (poison) {throwing}
Press: ? - help, Q - select action, (/) - cycle Shift-Dir - straight line, f/p - ogre
Aim: an ogre, wielding a +0 giant spiked club (74% to hit)
You throw a poisoned dart {throwing}.
The poisoned dart {throwing} barely misses the ogre.
Throw: 18 darts (poison) {throwing}
Press: ? - help, Q - select action, (/) - cycle Shift-Dir - straight line, f/p - ogre
Aim: an ogre, wielding a +0 giant spiked club (74% to hit)
You throw a poisoned dart {throwing}.
The poisoned dart {throwing} hits the ogre.
You hit the ogre.
The ogre is poisoned.
The ogre hits you with a +0 giant spiked club! 😮 HP[-13]
You take 13 damage, and now have 39/52 hp.
MASSIVE DAMAGE!! (PAUSE) 😕 HP[+1] 😕 HP[+1]
The ogre barely misses you.
There is a stone staircase leading down, spattered with blood here.
You closely miss the ogre.
Unknown command.
You closely miss the ogre. The ogre closely misses you.
Unknown command.
You barely miss the ogre. You barely miss the ogre.
The ogre hits you with a +0 giant spiked club!!
Ouch! That really hurt!
* * * LOW HITPOINT WARNING * * *
😨 HP[-26]
You take 26 damage, and now have 15/52 hp.
MASSIVE DAMAGE!! (PAUSE)
You hit the ogre but do no damage.
The ogre looks even sicker.
The ogre barely misses you.
You barely miss the ogre. 😨 HP[+1] Unknown command.
You barely miss the ogre.
The ogre hits you with a +0 giant spiked club!!
You die...

Skill      XL: |  1  2  3  4  5  6 |
---------------+-------------------+-----
Fighting       | 4 |  4.0
Axes           | 5 6 7 8 9 |  9.0
Dodging        | |  2.4
Stealth        | |  1.5

Action                   |  1- 3 |  4- 6 || total
-------------------------+-------+-------++-------
Melee: Hand axe          |    30 |       ||    30
       Whip              |    26 |   154 ||   180
Throw: Stone             |    33 |    17 ||    50
       Javelin           |       |     1 ||     1
       Dart              |       |     3 ||     3
  Use: Scroll            |       |     1 ||     1
 Stab: Sleeping          |       |     1 ||     1
Armor: Robe              |    10 |     8 ||    18
       Ring mail         |       |    48 ||    48
Dodge: Dodged            |    34 |    90 ||   124

Levels and vault maps discovered:
D:1:      eino_arrival_tree_alley, layout_rooms
D:2:      layout_loops_ring, ebering_ecumenical_altar_hall, roderic_lattice_a,
          grunt_decor_junction
D:3:      layout_loops_ring, amcnicky_altar_gilded,
          grunt_temple_overflow_cloverleaf, corner_web_ring, uniq_natasha
D:4:      layout_cave_pools, portal_sewer_entry_b
D:5:      layout_loops_corners, uniq_duvessa
D:6:      layout_loops_cross, minmay_puff, uniq_sigmund
D:7:      layout_basic, minmay_temple_entry_junction_2, kennysheep_nub

Notes
Turn   | Place    | Note
-------+----------+-------------------------------------------
     0 | D:1      | Sobieck the Hill Orc Monk began the quest for the Orb.
     0 | D:1      | Reached XP level 1. HP: 19/19 MP: 1/1
     0 | D:1      | magus.rc [v1.9.6]
   105 | D:2      | Found a faded altar of an unknown god.
   125 | D:1      | Reached skill level 4 in Fighting
   125 | D:1      | Reached XP level 2. HP: 21/27 MP: 2/2
   568 | D:1      | Reached skill level 5 in Axes
   719 | D:2      | You pick up a book of Minor Magic and begin reading...
   719 | D:2      | You add the spells Magic Dart, Blink, Call Imp, Slow,
                  | Conjure Flame and Mephitic Cloud to your library.
   733 | D:2      | Reached XP level 3. HP: 33/33 MP: 3/3
   946 | D:2      | Reached skill level 6 in Axes
   946 | D:2      | Reached XP level 4. HP: 40/40 MP: 4/4
  2061 | D:3      | Reached skill level 7 in Axes
  2137 | D:4      | Found a glowing drain.
  2166 | D:4      | Reached XP level 5. HP: 35/46 MP: 5/5
  2166 | D:4      | Noticed an ogre
  2282 | D:3      | Found an opulent altar of Gozag.
  2287 | D:3      | Found a bloodstained altar of Trog.
  2302 | D:3      | Found an ancient bone altar of Kikubaaqudgha.
  2314 | D:3      | Found a basalt altar of Yredelemnul.
  2397 | D:3      | You fall into a shaft and drop 3 floors!
  2399 | D:6      | You pick up a book of Necromancy and begin reading...
  2399 | D:6      | You add the spells Pain, Animate Skeleton, Vampiric
                  | Draining, Animate Dead and Agony to your library.
  2740 | D:6      | Reached skill level 8 in Axes
  2859 | D:5      | Entered Level 5 of the Dungeon
  2880 | D:5      | Noticed Duvessa
  2905 | D:6      | Reached XP level 6. HP: 48/52 MP: 6/6
  3003 | D:5      | Noticed Dowan
  3120 | D:6      | Reached skill level 9 in Axes
  3505 | D:6      | Noticed an ice beast
  3537 | D:6      | Mangled by an ogre

Vanquished Creatures
  A wyvern skeleton (D:6)
  A jelly (D:6)
  An orc priest (D:2)
  A centaur skeleton (D:6)
  2 orc wizards (D:6)
  A howler monkey zombie (D:2)
  3 adders
  An adder zombie (D:2)
  A worm (D:2)
  A dart slug (D:1)
  8 orcs
  4 bats
  3 endoplasms
  4 giant cockroaches
  7 goblins
  2 hobgoblins (D:1)
  2 jackals (D:4)
  2 kobolds (D:1)
  A quokka (D:2)
  7 ball pythons
  A frilled lizard (D:3)
  5 rats
59 creatures vanquished.

Vanquished Creatures (others)
  2 plants (D:1)
2 creatures vanquished.

Grand Total: 61 creatures vanquished

Table legend:
 A = Non-vault XP
 B = Vault XP
 C = Vault XP percentage of total XP
 D = Non-vault monster count
 E = Vault monster count
 F = Vault count percentage of total count
                 A         B        C        D         E       F
            +---------+---------+-------+---------+---------+-------
      Total |     419 |       7 |   1.6 |      54 |       5 |   8.5
            +---------+---------+-------+---------+---------+-------
        D:1 |      34 |       0 |   0.0 |      17 |       0 |   0.0
        D:2 |     106 |       0 |   0.0 |      17 |       0 |   0.0
        D:3 |      29 |       0 |   0.0 |       9 |       0 |   0.0
        D:4 |       6 |       4 |  40.0 |       3 |       4 |  57.1
        D:6 |     244 |       3 |   1.2 |       8 |       1 |  11.1
            +---------+---------+-------+---------+---------+-------

Illustrated notes

Table legend:
 A = Kills in this place as a percentage of kills in entire the game.
 B = Kills by you in this place as a percentage of kills by you in the entire game.
 C = Kills by friends in this place as a percentage of kills by friends in the entire game.
 D = Other kills in this place as a percentage of other kills in the entire game.
 E = Experience gained in this place as a percentage of experience gained in the entire game.
 F = Experience gained in this place divided by the number of levels of this place that you have seen.
                   A       B       C       D       E      F
               +-------+-------+-------+-------+-------+----------------------
         Total | 100.0 | 100.0 |   N/A |   N/A | 100.0 |  60.9
       Dungeon | 100.0 | 100.0 |   N/A |   N/A | 100.0 |  60.9
               +-------+-------+-------+-------+-------+----------------------

Table legend: (Time is in decaauts)
 A = Elapsed time spent in this place.
 B = Non-inter-level travel time spent in this place.
 C = Inter-level travel time spent in this place.
 D = Time resting spent in this place.
 E = Time spent auto-exploring this place.
 F = Levels seen in this place.
 G = Mean time per level.
                   A        B        C        D        E       F      G
               +--------+--------+--------+--------+--------+-----+--------+
         Total |   3546 |   3397 |    149 |   1216 |   1331 |   7 |  506.6 |
       Dungeon |   3546 |   3397 |    149 |   1216 |   1331 |   7 |  506.6 |
               +--------+--------+--------+--------+--------+-----+--------+

Top non-repeatable levels by time:
     D:2: 1291 daAuts
     D:6: 890 daAuts
     D:1: 754 daAuts
     D:3: 314 daAuts
     D:7: 203 daAuts
     D:4: 47 daAuts
     D:5: 44 daAuts
